AoeStats
← Fish745

Arabia

510073880Analyzed
1v1 RM · 2d ago on Sep 29, 2026· 23m 55s· 2 players
Game mode
Random Map
Map size
Tiny (2 player)
Population
200
Speed
Normal
Resources
Standard
Victory
Conquest
Starting age
Dark Age
Ending age
Imperial Age
RankedLock teamsTeams togetherTeam positionsShared explorationLock speedFull tech treeHidden civsTurbo modeCheats
Victory
Defeat
🇳🇿 Saxons · New Zealand
1431
+15
🇬🇷 Wu · Greece
1404
-15
ArmoV
6:21 Loom
8:59 Feudal Age
9:44 Double-Bit Axe
19:46 Castle Age
18:52 Fletching
Fish745
7:37 Loom
10:59 Feudal Age
16:01 Castle Age
Connection lost

Rejoining the realm…

Still unreachable

The connection could not be restored.

Session expired

The server has moved on; the page needs a fresh start.